 Dungeon Crawl Stone Soup version 0.29.1-1-gd02db6906a (webtiles) character file.

Game seed: 8275843973071592088

52 Demigod47 the Covered (level 3, -3/33 HPs)
             Began as a Minotaur Fighter on Oct 6, 2022.
             Slain by a gnoll
             ... wielding a +0 spear
              (4 damage)
             ... on level 2 of the Dungeon.
             The game lasted 00:04:39 (1405 turns).

Demigod47 the Covered (Minotaur Fighter)            Turns: 1405, Time: 00:04:39

Health: -3/33      AC:  8    Str: 21 (22) XL:     3   Next: 60%
Magic:  2/2        EV:  9    Int:  4 (5)  God:
Gold:   43         SH:  4    Dex:  7 (9)  Spells: 2/2 levels left

rFire   . . .      SeeInvis .   a - +0 flail
rCold   . . .      Faith    .   c - +0 buckler
rNeg    . . .      Spirit   .   b - +0 scale mail
rPois   .          Reflect  .   (helmet restricted)
rElec   .          Harm     .   (no cloak)
rCorr   .          Rampage  .   n - +0 pair of gloves
Will    .....                   (no boots)
Stlth   ..........              (no amulet)
HPRegen 0.11/turn               i - ring of flight
MPRegen 0.08/turn               (no ring)

@: flying
A: horns 2, retaliatory headbutt
a: no special abilities


You were on level 2 of the Dungeon.
You visited 1 branch of the dungeon, and saw 2 of its levels.

You collected 43 gold pieces.

Inventory:

Hand Weapons
 a - a +0 flail (weapon)
Missiles
 f - 18 stones (quivered)
 l - 2 poisoned darts
Armour
 b - a +0 scale mail (worn)
 c - a +0 buckler (worn)
 n - a +0 pair of gloves (worn)
Jewellery
 i - a ring of flight (left hand)
Scrolls
 g - a scroll of vulnerability {unknown}
 h - a scroll of immolation {unknown}
 o - a scroll of magic mapping {unknown}
Potions
 d - a potion of might
 k - a potion of haste


   Skills:
 + Level 4.2 Fighting
 + Level 3.2 Maces & Flails
 + Level 4.2 Armour
 + Level 0.5 Dodging
 + Level 4.0 Shields


You had 2 spell levels left.
You didn't know any spells.
Your spell library contained the following spells:

 Spells                   Type           Power      Damage    Failure   Level
 Necrotise                Necr           0%         1d4       89%         1
 Vampiric Draining        Necr           0%         2d6       99%         3
 Cause Fear               Hex            0%         N/A       100%        4
 Agony                    Necr           0%         N/A       100%        5
 Dragon Form              Tmut           0%         N/A       100%        7
 Dragon's Call            Summ           0%         N/A       100%        9


Dungeon Overview and Level Annotations

Branches:
Dungeon (2/15)

Altars:
Ashenzari


Innate Abilities, Weirdness & Mutations

You have a pair of horns on your head.
You reflexively headbutt those who attack you in melee.


Message History

The gnoll hits you from afar with a +0 spear.
* * * LOW HITPOINT WARNING * * *
You block the gnoll's attack.
Your extra speed is starting to run out.
The gnoll hits you from afar with a +0 spear.
* * * LOW HITPOINT WARNING * * *
The gnoll hits you but does no damage.
The gnoll hits you but does no damage. x2
You block the gnoll's attack. x2
The gnoll hits you but does no damage. x2
The gnoll barely misses you. The gnoll hits you but does no damage.
The gnoll completely misses you. x2
You feel yourself slow down.
The gnoll hits you but does no damage. x2
The gnoll hits you but does no damage. x2
Your transformation is almost over.
The gnoll hits you but does no damage. The gnoll barely misses you.
The gnoll hits you but does no damage. x2
The gnoll hits you but does no damage.
The gnoll hits you from afar with a +0 spear.
* * * LOW HITPOINT WARNING * * *
The gnoll hits you but does no damage. x2
The gnoll hits you from afar with a +0 spear.
* * * LOW HITPOINT WARNING * * *
The gnoll hits you but does no damage. You block the gnoll's attack.
The gnoll hits you from afar with a +0 spear.
* * * LOW HITPOINT WARNING * * *
The gnoll hits you but does no damage. x2
You block the gnoll's attack. x2
The gnoll hits you but does no damage. x2
You block the gnoll's attack.
The gnoll hits you from afar with a +0 spear.
* * * LOW HITPOINT WARNING * * *
You feel less wooden.
Your +0 pair of gloves unmelds from your body.
Your +0 scale mail unmelds from your body.
The gnoll closely misses you.
The gnoll hits you from afar with a +0 spear.
You die...

#........#####...
#.......†#.......
#........#.######
###........# >.....
..#.....)..########
#.#.............#
#.###...#######.#
#.#............ .
#.@...........# #
##.##..........#
####gg##..........#
#...Jg#############
#.###r##g....
#>......gr...
#.###.##J.... #.#
.... #.# ...


You could see 3 gnolls, an endoplasm and a rat.

Vanquished Creatures
  A gnoll (D:2)
  A worm (D:2)
  A dart slug (D:1)
  6 ball pythons (D:1)
  2 bats (D:1)
  4 endoplasms
  3 goblins
  6 hobgoblins
  2 frilled lizards (D:1)
  5 kobolds
  2 rats (D:1)
33 creatures vanquished.

Vanquished Creatures (others)
  2 demonic plants (D:2)
2 creatures vanquished.

Grand Total: 35 creatures vanquished

Notes
Turn   | Place    | Note
-------+----------+-------------------------------------------
     0 | D:1      | Demigod47 the Minotaur Fighter began the quest for the Orb.
     0 | D:1      | Reached XP level 1. HP: 19/19 MP: 0/0
   244 | D:1      | Reached XP level 2. HP: 27/27 MP: 1/1
   508 | D:1      | Found a broken altar of Ashenzari.
   874 | D:1      | Reached XP level 3. HP: 33/33 MP: 2/2
  1085 | D:2      | Found a faded altar of an unknown god.
  1085 | D:2      | Noticed a sixfirhy
  1404 | D:2      | HP: 2/49 [gnoll/+0 spear (5)]
  1405 | D:2      | Slain by a gnoll

Illustrated notes

Levels and vault maps discovered:
D:1:      dpeg_arrival_water_altar, layout_loops_corners
D:2:      layout_basic, dreamdust_ecumenical_altar_sealed_demon

Skill      XL: |  1  2 |
---------------+-------+-----
Shields        | 4 |  4.0
Fighting       | 4 |  4.2
Maces & Flails | 3 |  3.2
Armour         | 4 |  4.2
Dodging        | |  0.5

Action                   || total
-------------------------++-------
Melee: Flail             ||    74
       Headbutt          ||    12
Throw: Stone             ||     1
  Use: Potion            ||     4
Armor: Scale mail        ||    30
       Skin              ||    65
Dodge: Dodged            ||    52
Block: Buckler           ||    24
